 Dungeon Crawl Stone Soup version bcrawl-1.13.2 (webtiles) character file.

Game seed: 13769779106570862945

21593 Chiseanne the Fighter (level 12, -13/100 HPs)
             Began as a Demonspawn Archaeologist on Aug 10, 2019.
             Was a High Priest of Makhleb.
             Mangled by a vault guard
             ... wielding a +0 long sword
              (16 damage)
             ... on level 11 of the Dungeon.
             The game lasted 00:31:28 (9785 turns).

Chiseanne the Fighter (Demonspawn Archaeologist)    Turns: 9785, Time: 00:31:29

Health: -13/100    AC: 17    Str: 15    XL:     12   Next: 55%
Magic:  18/18      EV: 22    Int: 14    God:    Makhleb [*****.]
Gold:   209        SH:  0    Dex: 23    Spells: 11/11 levels left

rFire    . . .     SeeInvis .   a - +7 battleaxe (venom)
rCold    + + +     Gourm    .   (shield currently unavailable)
rNeg     . . .     Faith    .   k - +1 troll leather armour "Heniv" {rC++ Regen+ rCorr Str+2 Dex+4}
rPois    .         Spirit   .   z - +2 hat
rElec    +         Reflect  .   (no cloak)
rCorr    +         Harm     .   D - +0 pair of gloves
MR       ++...     Rnd*Rage +   d - +1 pair of boots
Stlth    ++++......             N - necklace of Bloodlust {*Rage +Rage MR++ Int-3 Slay+6 *Curse}
HPRegen  0.66/turn              q - +2 ring of protection
MPRegen  0.16/turn              t - ring of insulation

@: agile, very slightly contaminated, invisible
A: hooves 1, icy blue scales 3, cold resistance 1, foul stench 1, powered by
death 2, rot immunity
a: Minor Destruction, Lesser Servant of Makhleb, Major Destruction, Greater
Servant of Makhleb, Renounce Religion, Evoke Berserk Rage


You were on level 11 of the Dungeon.
You worshipped Makhleb.
Makhleb was extremely pleased with you.
You were not hungry.

You visited 2 branches of the dungeon, and saw 12 of its levels.

You collected 949 gold pieces.
You spent 740 gold pieces at shops.

Inventory:

Hand Weapons
 a - a +7 battleaxe of venom (weapon)
 s - a +2 scimitar of flaming
 S - the +5 demon whip "Spellbinder" {antimagic, MR+}

   It reduces the magical energy of the wielder, and disrupts the spells and
   magical abilities of those hit.
   Natural abilities and divine invocations are not affected.
   It affects your resistance to hostile enchantments.
Missiles
 b - 758 sling bullets
 l - 3529 stones (quivered)
 p - 535 tomahawks
 r - 1234 arrows
 u - 451 bolts
 C - 156 javelins
 K - 427 poisoned needles
Armour
 d - a +1 pair of boots (worn)
 k - the +1 troll leather armour "Heniv" (worn) {rC++ Regen+ rCorr Str+2 Dex+4}
   (You bought it in a shop on level 10 of the Dungeon)

   It affects your strength (+2).
   It affects your dexterity (+4).
   It greatly protects you from cold.
   It increases your rate of regeneration.
   It provides partial protection from all sources of acid and corrosion.
 z - a +2 hat (worn)
 D - a +0 pair of gloves (worn)
Jewellery
 e - an uncursed amulet of guardian spirit
 q - a +2 ring of protection (left hand)
 t - a ring of insulation (right hand)
 N - the necklace of Bloodlust (around neck) {*Rage +Rage MR++ Int-3 Slay+6 *Curse}
   (You found it on level 8 of the Dungeon)

   [amulet of rage]

   It affects your intelligence (-3).
   It affects your accuracy and damage with ranged weapons and melee attacks
   (+6).
   It affects your resistance to hostile enchantments.
   It lets you go berserk.
   It may make you go berserk in combat.
   It curses itself when equipped.
Wands
 f - a wand of paralysis (11)
 v - a wand of acid (7)
 x - a wand of polymorph (1)
 y - a wand of flame (7)
 F - a wand of digging (13)
 R - a wand of iceblast (2)
Scrolls
 h - 3 scrolls of blinking
 m - 4 scrolls of amnesia
 B - 4 scrolls of teleportation
 G - a scroll of fear
 I - 5 scrolls of remove curse
 J - 2 scrolls of immolation
 L - a scroll of vulnerability {unknown}
Potions
 c - a potion of heal wounds
 i - 2 potions of brilliance
 j - a potion of haste
 o - 2 potions of ambrosia
 w - a potion of might
 A - 2 potions of cancellation
 E - 8 potions of curing
 H - a potion of resistance
 O - a potion of mutation
Comestibles
 g - 23 rations {!d}
 M - 5 chunks of flesh


   Skills:
 * Level 11.3 Fighting
 * Level 9.2(10.2) Axes
 - Level 7.1(9.3) Maces & Flails
 - Level 4.0 Armour
 * Level 6.3 Dodging
 - Level 3.0 Stealth
   Level 4.0 Shields
 * Level 8.0 Invocations
 - Level 8.2 Evocations


You had 11 spell levels left.
You didn't know any spells.
Your spell library contained the following spells:

 Spells                   Type           Power        Failure   Level  Hunger
 Shock                    Conj/Air       #....        34%         1    ##.....
 Swiftness                Chrm/Air       #.......     47%         2    ###....
 Confuse                  Hex            #.......     71%         3    ####...
 Dazzling Spray           Conj/Hex       #.....       71%         3    ####...
 Static Discharge         Air            #.......     71%         3    ####...
 Airstrike                Air            #.........   98%         4    #####..
 Petrify                  Tmut/Erth      #.......     98%         4    #####..
 Yara's Violent Unravell  Hex/Tmut       #.........   98%         4    #####..
 Lightning Bolt           Conj/Air       #.........   100%        5    ######.
 Metabolic Englaciation   Hex/Ice        #.........   100%        5    ######.
 Mana Rupture             Conj/Hex       #.........   100%        7    #######


Dungeon Overview and Level Annotations

Branches:
Dungeon (11/12)            Temple (1/1) D:5            Lair (0/6) D:7
    Orc (0/1) D:9
 Vaults: D:11-12

Altars:
Ashenzari
Cheibriados
Dithmenos
Elyvilon
Fedhas
Gozag
Hepliaklqana
Kikubaaqudgha
Lugonu
Makhleb
Nemelex Xobeh
Okawaru
Qazlal
Ru
Sif Muna
Trog
Uskayaw
Vehumet
Wu Jian
Xom
Yredelemnul
Zin
The Shining One

Shops:
D:6 *   D:7 :   D:9 [   D:10 [   D:11 :


Innate Abilities, Weirdness & Mutations

You have large cloven feet.
You are completely covered in icy blue scales. (AC +4, rC+)
Your flesh is cold resistant. (rC+)
You may emit foul miasma when damaged in melee.
You regenerate health from kills.
You are immune to rotting.


Message History

The vault guard throws a stone.
The stone misses you.
The stone hits the ogre mage but does no damage.
You slice the ogre mage!!
The ogre mage looks as sick as possible!
The ogre mage is severely wounded.
The vault guard blocks your attack. The ogre mage hits you with a +0 spear.
* * * LOW HITPOINT WARNING * * *
The deep elf archer shoots an arrow.
The arrow closely misses you. The vault guard closely misses you.
The vault guard throws a stone.
The stone hits you but does no damage.
The ogre mage casts a spell.
The ogre mage blinks!
The deep elf archer shoots an arrow.
The arrow hits you!
* * * LOW HITPOINT WARNING * * *
You completely miss the ogre mage.
The ogre mage is severely wounded.
You hit the vault guard but do no damage.
The vault guard looks even sicker.
The vault guard throws a stone.
The stone barely misses you.
The stone barely misses the ogre mage.
The vault guard hits you with a +0 long sword!
You die...

######+######## .............%#
..............# # .......O......#
####### #.#@# ## ## ......
####### # #.p.# #...# #.....
......# ...# #).p# #...# #.....
......# .))# #.e.# #.).# #.....
......###..###'''###..#### #.....
.......≈≈≈≈≈≈≈...≈≈≈≈≈≈≈.###.....
.......≈≈≈≈≈≈≈...≈≈≈≈≈≈≈......>..
........≈≈≈≈≈≈)..≈≈≈≈≈≈.#####....
.........≈≈≈≈.....≈≈≈≈.#....'....


You could see 2 vault guards, an ogre mage and a deep elf archer.

Vanquished Creatures
  Erolcha (D:10)
  A catoblepas (D:11)
  3 centaur warriors
  Erica (D:9)
  A wizard (D:11)
  An unseen horror (D:10)
  A deep elf archer (D:11)
  2 cyclopes
  Joseph (D:10)
  4 centaur zombies
  3 centaur skeletons (D:10)
  3 trolls
  A hornet (D:8)
  A basilisk (D:7)
  A wraith (D:10)
  2 wyverns
  15 yaks
  2 humans
  3 hogs (D:9)
  4 fire bats (D:9)
  A vampire mosquito (D:10)
  4 hungry ghosts
  A soldier ant (D:11)
  4 water moccasins
  An acid dragon (D:10)
  A floating eye (D:11)
  A hell hound (D:9)
  A porcupine (D:7)
  4 orc warriors (D:9)
  3 ice beasts
  3 sky beasts
  4 ogres
  An eye of draining (D:11)
  4 necrophages (D:9)
  4 centaurs
  4 crocodiles
  5 bullfrogs
  3 big kobolds
  2 gnoll sergeants
  2 scorpions
  13 killer bees
  15 wights
  5 howler monkeys
  3 jellies (D:11)
  4 crimson imps
  2 lava snakes (D:9)
  2 bullfrog zombies
  4 hounds
  11 orc wizards
  2 bullfrog skeletons (D:5)
  5 orc priests
  5 worker ants
  4 iguanas
  Ijyb (D:3)
  2 hound skeletons
  A howler monkey zombie (D:5)
  3 worker ant zombies (D:9)
  8 adders
  30 gnolls
  2 howler monkey skeletons
  2 shadow imps
  2 oozes
  An adder skeleton (D:5)
  2 worms
  2 dart slugs
  A leopard gecko (D:6)
  48 orcs
  2 ball pythons
  3 bats
  4 giant cockroaches
  32 goblins
  27 hobgoblins
  8 jackals
  5 quokkas
  2 frilled lizards
  A jackal zombie (D:5)
  15 kobolds
  5 rats
  A bush (D:7)
389 creatures vanquished.

Vanquished Creatures (others)
  A dart slug (D:3)
  3 fire vortices (D:9)
  3 fungi (D:7)
  7 plants (D:7)
14 creatures vanquished.

Grand Total: 403 creatures vanquished

Notes
Turn   | Place    | Note
-------+----------+-------------------------------------------
     0 | D:1      | Chiseanne the Demonspawn Archaeologist began the quest for
                  | the Orb.
     0 | D:1      | Reached XP level 1. HP: 15/15 MP: 1/1
   350 | D:1      | Reached skill level 2 in Fighting
   372 | D:1      | Gained mutation: You regenerate a little health from kills.
                  | [demonic ancestry]
   372 | D:1      | Reached XP level 2. HP: 22/22 MP: 2/2
   955 | D:2      | Reached skill level 3 in Fighting
  1077 | D:2      | Gained mutation: You are partially covered in icy blue
                  | scales. (AC +2) [demonic ancestry]
  1077 | D:2      | Reached XP level 3. HP: 25/29 MP: 3/3
  1085 | D:2      | Reached skill level 1 in Maces & Flails
  1565 | D:3      | Found a basalt altar of Yredelemnul.
  1753 | D:3      | Gained mutation: You are immune to rotting. [demonic
                  | ancestry]
  1753 | D:3      | Reached XP level 4. HP: 12/35 MP: 4/4
  2033 | D:3      | Found a faded altar of an unknown god.
  2086 | D:3      | Noticed Ijyb
  2102 | D:3      | Killed Ijyb
  2136 | D:3      | Reached skill level 5 in Maces & Flails
  2136 | D:3      | Gained mutation: You are mostly covered in icy blue scales.
                  | (AC +3) [demonic ancestry]
  2136 | D:3      | Reached XP level 5. HP: 41/41 MP: 5/5
  2415 | D:3      | Reached XP level 6. HP: 33/47 MP: 6/6
  3446 | D:4      | Got an ichor-stained quarterstaff
  3464 | D:4      | Reached skill level 1 in Armour
  3464 | D:4      | Reached skill level 1 in Shields
  3464 | D:4      | Gained mutation: You regenerate health from kills. [demonic
                  | ancestry]
  3464 | D:4      | Reached XP level 7. HP: 34/52 MP: 7/7
  4151 | D:4      | Found a shattered altar of Ashenzari.
  4151 | D:4      | Found a stormy altar of Qazlal.
  4151 | D:4      | Found a deep blue altar of Sif Muna.
  4157 | D:4      | Found a bloodstained altar of Trog.
  4186 | D:5      | Entered Level 5 of the Dungeon
  4197 | D:5      | Reached skill level 4 in Fighting
  4301 | D:5      | Identified the cursed +1 quarterstaff of Virtue {vamp, MR+
                  | Dex+10} (You found it on level 4 of the Dungeon)
  4420 | D:5      | Gained mutation: You have large cloven feet. [demonic
                  | ancestry]
  4420 | D:5      | Reached XP level 8. HP: 61/61 MP: 8/8
  4636 | D:5      | Found a staircase to the Ecumenical Temple.
  4751 | Temple   | Entered the Ecumenical Temple
  4970 | D:5      | Found a burning altar of Makhleb.
  4975 | D:5      | Became a worshipper of Makhleb the Destroyer
  5085 | D:6      | Reached skill level 5 in Fighting
  5280 | D:6      | Found Gozag's Platinum Reserve.
  5280 | D:6      | Found an opulent altar of Gozag.
  5386 | D:6      | Reached skill level 1 in Axes
  5404 | D:6      | Found a white marble altar of Elyvilon.
  5689 | D:7      | Reached skill level 6 in Fighting
  5814 | D:7      | Gained mutation: You are completely covered in icy blue
                  | scales. (AC +4, rC+) [demonic ancestry]
  5814 | D:7      | Reached XP level 9. HP: 66/69 MP: 11/11
  5860 | D:7      | Reached * piety under Makhleb
  5973 | D:7      | Noticed a cyclops
  5981 | D:7      | Killed a cyclops
  6050 | D:7      | Found a staircase to the Lair.
  6053 | D:7      | Reached skill level 7 in Fighting
  6059 | D:7      | Reached skill level 5 in Evocations
  6089 | D:7      | Reached XP level 10. HP: 80/80 MP: 5/14
  6159 | D:7      | Reached skill level 5 in Axes
  6159 | D:7      | Reached skill level 8 in Fighting
  6445 | D:7      | Found Suqaoschi's Book Shop.
  6787 | D:8      | Reached ** piety under Makhleb
  6934 | D:8      | Found the cursed necklace of Bloodlust {*Rage +Rage MR++
                  | Int-3 Slay+6 *Curse}
  7064 | D:8      | Noticed a centaur warrior
  7074 | D:8      | Killed a centaur warrior
  7261 | D:8      | Reached skill level 9 in Fighting
  7520 | D:8      | Gained mutation: You may emit foul miasma when damaged in
                  | melee. [demonic ancestry]
  7520 | D:8      | Reached XP level 11. HP: 89/89 MP: 15/17
  7602 | D:9      | Found Mepluife's Armour Shoppe.
  7770 | D:9      | Found a staircase to the Orcish Mines.
  7775 | D:9      | Reached *** piety under Makhleb
  7780 | D:9      | Reached skill level 1 in Invocations
  7914 | D:9      | Found a radiant altar of Vehumet.
  8050 | D:9      | Reached skill level 10 in Fighting
  8305 | D:9      | Noticed Erica
  8313 | D:9      | Reached **** piety under Makhleb
  8329 | D:9      | Killed Erica
  8492 | D:10     | Entered Level 10 of the Dungeon
  8625 | D:10     | Noticed Erolcha
  8628 | D:10     | Reached skill level 5 in Invocations
  8664 | D:10     | Killed Erolcha
  8742 | D:10     | Killed an unseen horror
  8803 | D:10     | Reached skill level 5 in Dodging
  8823 | D:10     | Noticed a centaur warrior
  8833 | D:10     | Killed a centaur warrior
  8833 | D:10     | Gained mutation: Your flesh is cold resistant. (rC+)
                  | [demonic ancestry]
  8833 | D:10     | Reached XP level 12. HP: 93/99 MP: 18/18
  9089 | D:10     | Noticed Joseph
  9100 | D:10     | Killed Joseph
  9161 | D:10     | Found Japyfaf's Antique Armour Shoppe.
  9169 | D:10     | Bought a pitted troll leather armour for 740 gold pieces
  9180 | D:10     | Identified the +1 troll leather armour "Heniv" {rC++ Regen+
                  | rCorr Str+2 Dex+4} (You bought it in a shop on level 10 of
                  | the Dungeon)
  9326 | D:11     | Noticed a vault guard
  9330 | D:11     | Noticed a catoblepas
  9330 | D:11     | a vault guard changed into a catoblepas
  9339 | D:11     | Killed a catoblepas
  9339 | D:11     | Reached skill level 11 in Fighting
  9474 | D:11     | Reached ***** piety under Makhleb
  9597 | D:11     | Found Sew Fipt's Book Shoppe.
  9616 | D:11     | Paralysed by a floating eye for 3 turns
  9696 | D:11     | Noticed a centaur warrior
  9707 | D:11     | Killed a centaur warrior
  9738 | D:11     | Noticed a vault guard
  9768 | D:11     | Noticed an ogre mage
  9768 | D:11     | Noticed a vault guard
  9784 | D:11     | HP: 2/100 [deep elf archer/arrow (10)]
  9785 | D:11     | Mangled by a vault guard

Skill      XL: |  1  2  3  4  5  6  7  8  9 10 11 12 |
---------------+-------------------------------------+-----
Fighting       | 2 3 4 6 7 9 10 11 | 11.3
Maces & Flails | 3 5 6 7 |  7.1
Armour         | 1 3 4 |  4.0
Shields        | 1 3 4 |  4.0
Evocations     | 3 6 8 |  8.2
Axes           | 2 4 6 8 9 |  9.2
Invocations    | 6 8 |  8.0
Dodging        | 5 6 |  6.3
Stealth        | |  3.0

Action                   |  1- 3 |  4- 6 |  7- 9 | 10-12 || total
-------------------------+-------+-------+-------+-------++-------
Melee: Whip              |    15 |       |       |       ||    15
       Short sword       |   191 |       |       |       ||   191
       Flail             |       |   239 |   204 |       ||   443
       Unarmed           |       |     4 |       |       ||     4
       Battleaxe         |       |       |   102 |   360 ||   462
Evoke: Wand              |       |       |       |    20 ||    20
  Use: Scroll            |     7 |     6 |     9 |     7 ||    29
       Potion            |       |     1 |       |     4 ||     5
 Stab: Sleeping          |     5 |     2 |     3 |     2 ||    12
       Distracted        |     1 |       |       |     1 ||     2
  Eat: Chunk             |     3 |     6 |     9 |    15 ||    33
       Ration            |       |       |       |     1 ||     1
Armor: Robe              |    70 |       |       |       ||    70
       Ring mail         |    14 |   171 |    95 |       ||   280
       Leather armour    |       |       |    88 |    43 ||   131
       Troll leather arm |       |       |       |   187 ||   187
Dodge: Dodged            |   141 |   233 |   224 |   332 ||   930
Block: Buckler           |       |     2 |    52 |       ||    54
